 Dungeon Crawl Stone Soup version 0.31-a0-750-gfe7b580527 (webtiles) character file.

Game seed: 9212760097795368940

147 thriggle the Chiller (level 5, -29/38 HPs)
             Began as a Mummy Ice Elementalist on Sept 14, 2023.
             Was a Follower of Uskayaw.
             Annihilated by an ogre
             ... wielding a +0 giant club
              (32 damage)
             ... on level 4 of the Dungeon.
             The game lasted 00:10:42 (2732 turns).

thriggle the Chiller (Mummy Ice Elementalist)       Turns: 2732, Time: 00:10:43

Health: -29/38     AC:  2    Str: 14    XL:     5   Next: 8%
Magic:  3/10       EV: 12    Int: 14    God:    Uskayaw [*.....]
Gold:   120        SH:  0    Dex: 18    Spells: 7/11 levels left

rFire   x x .        c - +0 dagger (vamp)
rCold   + + .        (no shield)
rNeg    + + +        a - +0 robe
rPois   ∞            (no helmet)
rElec   .            (no cloak)
rCorr   .            (no gloves)
SInv    .            (no boots)
Will    .....        (no amulet)
Stlth   ++           f - ring of ice
HPRegen 0.26/turn    j - +6 ring of dexterity
MPRegen 0.12/turn

%: faith
@: no status effects
A: cold resistance 1, negative energy resistance 3, torment resistance 2, heat
vulnerability 1, in touch with death 1, no potions, faith
a: Renounce Religion, Stomp


You were on level 4 of the Dungeon.
You worshipped Uskayaw.
Uskayaw was noncommittal.
You visited 1 branch of the dungeon, and saw 4 of its levels.

You collected 120 gold pieces.

Inventory:

Hand Weapons
 c - a +0 vampiric dagger (weapon)
 e - a +0 dagger of speed
 k - a +1 antimagic mace
 p - a +0 short sword of speed
 q - a +0 trident
 r - a +1 dagger of venom
Missiles
 b - 2 stones
 g - 4 poisoned darts
Armour
 a - a +0 robe (worn)
 l - a +0 helmet
Magical Staves
 m - a staff of death
Jewellery
 f - a ring of ice (left hand)
 i - a ring of ice
 j - a +6 ring of dexterity (right hand)
Scrolls
 d - 2 scrolls of identify
 h - 2 scrolls of teleportation
 n - a scroll of immolation
 o - a scroll of fear {unknown}


   Skills:
 + Level 1.7 Fighting
 + Level 1.2 Short Blades
 + Level 2.2 Dodging
 + Level 2.3 Stealth
 + Level 3.6 Spellcasting
 + Level 0.1 Necromancy
 + Level 3.6 Ice Magic


You had 7 spell levels left.
You knew the following spells:

 Your Spells              Type           Power      Damage    Failure   Level
a - Freeze                Ice            76%        1d8       4%          1
b - Frozen Ramparts       Ice            38%        1d6       14%         3

Your spell library contained the following spells:

 Spells                   Type           Power      Damage    Failure   Level
 Ozocubu's Armour         Ice            19%        N/A       14%         3
 Slow                     Hex            8%         N/A       21%         1
 Vampiric Draining        Necr           4%         2d6       50%         3
 Confusing Touch          Hex            2%         N/A       52%         3
 Sigil of Binding         Hex            2%         N/A       52%         3
 Summon Ice Beast         Ice/Summ       11%        N/A       67%         4


Dungeon Overview and Level Annotations

Branches:
Dungeon (4/15)
 Temple: D:4-7

Altars:
Ashenzari
Uskayaw


Innate Abilities, Weirdness & Mutations

You are immune to poison.
Your flesh is cold resistant. (rC+)
You are immune to negative energy. (rN+++)
You are immune to unholy pain and torment.
You are vulnerable to heat. (rF-)
You are in touch with the powers of death.
You do not drink.
You have a special connection with the divine. (Faith)


Message History

Aim: an ogre, wielding a +0 giant club (poisoned, 73% to hit)
You throw a poisoned dart. The poisoned dart hits the ogre.
The ogre looks even sicker.
Casting: Frozen Ramparts (quite dangerous; 14% risk of failure)
Confirm with . or Enter, or press ? or * to list all spells.
Casting: Frozen Ramparts (quite dangerous; 14% risk of failure)
Press: ? - help, Dir - look around, f - activate You feel a surge of power!
The walls around you are covered in ice.
Throw: 5 darts (poison)
Press: ? - help, Shift-Dir - straight line, f - ogre
Aim: an ogre, wielding a +0 giant club (lightly wounded, very poisoned, 73% to hit)
You throw a poisoned dart. The poisoned dart hits the ogre.
The ogre looks even sicker.
The ogre is lightly wounded.
The wall freezes the ogre.
You hit the ogre but do no damage.
The ogre is moderately wounded.
The wall freezes the ogre.
The ogre hits you with a +0 giant club!!
Ouch! That really hurt!
* * * LOW HITPOINT WARNING * * *
You hit the ogre but do no damage.
The ogre is heavily wounded.
The wall freezes the ogre.
The ogre hits you with a +0 giant club.
* * * LOW HITPOINT WARNING * * *
You can now pass through a line of other dancers.
Aiming: Line Pass
Press: ? - help, Dir - move target, p - ogre The ogre appears confused.
The frozen ramparts melt away as you move.
You can no longer pass through a line of other dancers.
You hit the ogre.
The ogre is almost dead.
The ogre seems less confused.
The ogre closely misses you.
You barely miss the ogre.
The ogre is almost dead.
The ogre hits you with a +0 giant club!!
Ouch! That really hurt!
You die...

.#..### #......
... #. ..#.###
#.. ... .#..# #..
... #...# #(###.#
..#.########
#.?...#
.#..........
#.....+
#...†.####
###.....###
..#...#
#..@.......
......#
#.#O....=.#
.#....# #
#.###...# ......#
#.# ..# ##.####
#.# # #.# #.# #.#
#!# #.# #.#
#.#############.#


You could see an ogre (very poisoned).

Vanquished Creatures
  2 orc wizards (D:3)
  3 adders
  A worm (D:2)
  A dart slug (D:2)
  3 orcs (D:3)
  3 bats
  7 endoplasms
  2 giant cockroaches (D:3)
  9 goblins
  4 hobgoblins
  5 jackals
  7 ball pythons
  3 frilled lizards
  7 kobolds
  7 rats
64 creatures vanquished.

Notes
Turn   | Place    | Note
-------+----------+-------------------------------------------
     0 | D:1      | thriggle the Mummy Ice Elementalist began the quest for the
                  | Orb.
     0 | D:1      | Reached XP level 1. HP: 13/13 MP: 4/4
   251 | D:1      | Reached XP level 2. HP: 19/19 MP: 5/5
   897 | D:2      | Reached XP level 3. HP: 25/25 MP: 7/7
  1070 | D:2      | Reached skill level 1 in Fighting
  2031 | D:3      | Found a faded altar of an unknown god.
  2035 | D:3      | Prayed at the altar of an unknown god.
  2035 | D:3      | Became a worshipper of Uskayaw the Reveller
  2035 | D:3      | Reached * piety under Uskayaw
  2105 | D:3      | Reached ** piety under Uskayaw
  2106 | D:3      | Reached skill level 1 in Short Blades
  2106 | D:3      | Reached XP level 4. HP: 8/32 MP: 7/9
  2119 | D:3      | Reached *** piety under Uskayaw
  2124 | D:3      | Reached **** piety under Uskayaw
  2129 | D:3      | HP: 1/32 [orc/+0 club (5)]
  2395 | D:3      | Reached XP level 5. HP: 38/38 MP: 10/10
  2619 | D:3      | Learned a level 3 spell: Frozen Ramparts
  2631 | D:4      | Found a broken altar of Ashenzari.
  2722 | D:4      | Noticed an ogre
  2732 | D:4      | Annihilated by an ogre

Illustrated notes

Levels and vault maps discovered:
D:1:      ldierk_walled_garden_2, layout_basic
D:2:      layout_basic
D:3:      layout_loops_cross, basic_ecumenical_altar
D:4:      layout_basic, overflow_temple_1_default,
          mainiacjoe_overflow_concentric_impassable, kennysheep_little_box,
          hangedman_decor_slide_cut, minmay_misc_feat_diagonals,
          minmay_close_crescents, uniq_sigmund

Skill      XL: |  1  2  3 |
---------------+----------+-----
Spellcasting   | 3 |  3.6
Stealth        | 2 |  2.3
Fighting       | 1 |  1.7
Dodging        | 2 |  2.2
Short Blades   | 1 |  1.2
Necromancy     | |  0.1
Ice Magic      | |  3.6

Action                     |  1- 3 |  4- 6 || total
---------------------------+-------+-------++-------
  Melee: Dagger            |   206 |    56 ||   262
         Unarmed           |     7 |       ||     7
         Punch             |     6 |       ||     6
  Throw: Stone             |     4 |       ||     4
         Dart              |     2 |     5 ||     7
   Cast: Freeze            |     5 |     3 ||     8
         Frozen Ramparts   |       |     2 ||     2
 Invoke: Line Pass         |       |     2 ||     2
    Use: Scroll            |     2 |       ||     2
   Stab: Sleeping          |     8 |     6 ||    14
         Confused          |       |     1 ||     1
         Paralysed         |       |     1 ||     1
 Armour: Robe              |   103 |    26 ||   129
  Dodge: Dodged            |   126 |    28 ||   154

Table legend: (Time is in decaauts)
 A = Elapsed time spent in this place.
 B = Non-inter-level travel time spent in this place.
 C = Inter-level travel time spent in this place.
 D = Time resting spent in this place.
 E = Time spent auto-exploring this place.
 F = Levels seen in this place.
 G = Mean time per level.
                   A        B        C        D        E       F      G
               +--------+--------+--------+--------+--------+-----+--------+
         Total |   2722 |   2642 |     80 |    136 |   1776 |   4 |  680.5 |
       Dungeon |   2722 |   2642 |     80 |    136 |   1776 |   4 |  680.5 |
               +--------+--------+--------+--------+--------+-----+--------+

Top non-repeatable levels by time:
     D:2: 1101 daAuts
     D:1: 769 daAuts
     D:3: 751 daAuts
     D:4: 100 daAuts
